 Dungeon Crawl Stone Soup version 0.32-a0-290-g598725c5f2 (webtiles) character file.

Game seed: 741701883657573387

12 wildpjah the Magician (level 2, 19/19 HPs)
             Began as a Demonspawn Hedge Wizard on Feb 13, 2024.
             Quit the game on level 1 of the Dungeon on Mar 25, 2024.
             The game lasted 00:01:29 (165 turns).

wildpjah the Magician (Demonspawn Hedge Wizard)      Turns: 165, Time: 00:01:30

Health: 19/19      AC:  2    Str: 10    XL:     2   Next: 20%
Magic:  4/6        EV: 12    Int: 14    God:
Gold:   11         SH:  0    Dex: 12    Spells: 5/7 levels left

rFire   . . .        a - +0 dagger
rCold   . . .        (no shield)
rNeg    . . .        b - +0 robe
rPois   .            c - +0 hat
rElec   .            (no cloak)
rCorr   .            (no gloves)
SInv    .            (no boots)
Will    .....        (no amulet)
Stlth   ++           (no ring)
HPRegen 0.23/turn    (no ring)
MPRegen 0.10/turn

%: no passive effects
@: no status effects
A: horns 1
a: no special abilities


You were on level 1 of the Dungeon.
You visited 1 branch of the dungeon, and saw 1 of its levels.

You collected 11 gold pieces.

Inventory:

Hand Weapons
 a - a +0 dagger (weapon)
Missiles
 e - 15 stones
Armour
 b - a +0 robe (worn)
 c - a +0 hat (worn)
 f - a +0 helmet
Jewellery
 h - a ring of flight
Scrolls
 g - a scroll of identify {unknown}
Potions
 d - a potion of magic


   Skills:
 + Level 2.0 Dodging
 + Level 2.1 Stealth
 + Level 3.2 Spellcasting
 + Level 1.0 Conjurations
 + Level 1.0 Summonings
 + Level 0.8 Translocations


You had 5 spell levels left.
You knew the following spells:

 Your Spells              Type           Power      Damage    Failure   Level
a - Magic Dart            Conj           20%        1d4       14%         1
b - Slow                  Hex            8%         N/A       22%         1

Your spell library contained the following spells:

 Spells                   Type           Power      Damage    Failure   Level
 Blink                    Tloc           8%         N/A       22%         2
 Call Imp                 Summ           10%        N/A       22%         2
 Cigotuvi's Dreadful Rot  Necr/Alch/Air  4%         N/A       32%         2
 Mephitic Cloud           Conj/Alch/Air  3%         N/A       50%         3


Dungeon Overview and Level Annotations

Branches:
Dungeon (1/15)

Altars:

Shops:
D:1 !


Innate Abilities, Weirdness & Mutations

You have a pair of small horns on your head.


Message History

The goblin shouts!
You hear a loud squeak.
A hobgoblin comes into view.
A rat comes into view.
You closely miss the goblin. The goblin barely misses you.
You hit the goblin.
The goblin is moderately wounded.
The goblin closely misses you.
You hit the goblin.
You kill the goblin!
Your Dodging skill increases to level 2!
You have reached level 2!
Your demonic ancestry asserts itself...
A pair of horns grows on your head!
You hit the rat.
You kill the rat!
Things that are here:
a +0 club; a goblin corpse You see here a ring of flight.
h - a ring of flight The endoplasm jiggles.
Things that are here:
a +0 club; a goblin corpse The magic dart hits the endoplasm.
The endoplasm is moderately wounded.
You hit the endoplasm but do no damage. Your headbutt misses the endoplasm.
The endoplasm is moderately wounded.
The endoplasm completely misses you.
You hit the endoplasm.
The endoplasm is heavily wounded.
The endoplasm barely misses you.
You hit the endoplasm.
The endoplasm is severely wounded.
The endoplasm misses you.
The magic dart hits the endoplasm.
You kill the endoplasm!
Unknown command.
Saving game... please wait.
Welcome back, wildpjah the Demonspawn Hedge Wizard.
Press ? for a list of commands and other information.
Are you sure you want to abandon this character and quit the game? (Confirm with "yes".)

## ######### ######### ##.
#.......###.......# #####..
#.................+ ......~
#........##.......# #####.≈
#........##.......###.....~
#........)@................
#........############.#####
#.)......# ##......##.# #
#.......J# ...........# #
#.#.##.#.# #.####.########
... .#..# #. #.##...... ..
## #.####.####.##.##### #
#...........##.#
..####....####.##


There were no monsters in sight!

Vanquished Creatures
  A dart slug (D:1)
  A bat (D:1)
  An endoplasm (D:1)
  A goblin (D:1)
  A frilled lizard (D:1)
  A rat (D:1)
6 creatures vanquished.

Notes
Turn   | Place    | Note
-------+----------+-------------------------------------------
     0 | D:1      | wildpjah the Demonspawn Hedge Wizard began the quest for
                  | the Orb.
     0 | D:1      | Reached XP level 1. HP: 13/13 MP: 4/4
    73 | D:1      | Found Viam's Distillery.
    76 | D:1      | Learned a level 1 spell: Slow
   149 | D:1      | Gained mutation: You have a pair of small horns on your
                  | head. [demonic ancestry]
   149 | D:1      | Reached XP level 2. HP: 19/19 MP: 6/6
   165 | D:1      | Quit the game

Illustrated notes

Levels and vault maps discovered:
D:1:      dpeg_arrival_rooms_b, layout_basic, serial_shops,
          nicolae_shop_industrial_runoff, minmay_small_reverse_x

Skill      XL: |  1 |
---------------+----+-----
Stealth        | 2 |  2.1
Dodging        | 2 |  2.0
Spellcasting   | |  3.2
Conjurations   | |  1.0
Summonings     | |  1.0
Translocations | |  0.8

Action                     || total
---------------------------++-------
  Melee: Dagger            ||    28
   Cast: Magic Dart        ||     2
 Armour: Robe              ||    16
  Dodge: Dodged            ||    26

Table legend: (Time is in decaauts)
 A = Elapsed time spent in this place.
 B = Non-inter-level travel time spent in this place.
 C = Inter-level travel time spent in this place.
 D = Time resting spent in this place.
 E = Time spent auto-exploring this place.
 F = Levels seen in this place.
 G = Mean time per level.
                   A        B        C        D        E       F      G
               +--------+--------+--------+--------+--------+-----+--------+
         Total |    166 |    166 |      0 |      0 |     86 |   1 |  166.0 |
       Dungeon |    166 |    166 |      0 |      0 |     86 |   1 |  166.0 |
               +--------+--------+--------+--------+--------+-----+--------+

Top non-repeatable levels by time:
     D:1: 166 daAuts
